Map: [EWC] Oceanborn

Players

ByuN - Winner!

  • Race: Terran Terran
  • Spawn Location: 5:00

Oliveira

  • Race: Terran Terran
  • Spawn Location: 11:00

Event: Esports World Cup 2024

VOD

Have the link to the VOD?

Description

Time

  • Played on: Aug. 14, 2024, 6:44 a.m.
  • Length: 15:16

All games in this series

Show
View Real Time Build Order
Export as new Build Order

ByuN Terran - Winner!

Build Orders:  

Get SALT Encoding   

  12  0:00  SCV  
  13  0:12  SCV  
  14  0:17  Supply Depot  
  14  0:24  SCV  
  15  0:40  Barracks  
  15  0:42  Refinery  
  16  0:53  Barracks  
  15  0:57  SCV  
  16  1:08  Refinery  
  16  1:09  SCV  
  17  1:21  SCV  
  18  1:27  Reaper  
  19  1:34  Orbital Command  
  20  1:40  Reaper  
  20  1:48  Supply Depot  
  20  1:59  Reaper  
  20  2:00  SCV  
  22  2:12  Reaper  
  22  2:15  Factory  
  23  2:17  SCV  
  24  2:29  SCV  
  25  2:31  Reaper  
  26  2:41  SCV  
  26  2:45  Reaper  
  27  2:53  SCV  
  27  3:01  Cyclone  
  27  3:05  Command Center  
  29  3:07  SCV  
  29  3:11  Supply Depot  
  30  3:19  SCV  
  31  3:23  Starport  
  31  3:30  Barracks Reactor  
  31  3:32  SCV  
  32  3:35  Cyclone  
  34  3:44  SCV  
  34  3:56  SCV  
  34  4:01  Medivac  
  36  4:08  SCV  
  36  4:10  Marine x2, Factory Tech Lab  
  37  4:20  Orbital Command  
  37  4:23  Barracks Tech Lab, Refinery  
  35  4:25  SCV  
  35  4:28  Marine x2  
  35  4:29  Siege Tank  
  41  4:40  Viking  
  41  4:45  SCV x2, Marine  
  45  4:47  Marine x2  
  48  4:55  Supply Depot  
  48  4:57  SCV x2  
  48  4:58  Stimpack  
  50  5:03  Marine  
  48  5:09  SCV x2, Marine x2  
  52  5:21  SCV x2  
  53  5:27  Marine x2, Starport Reactor  
  56  5:29  Supply Depot  
  56  5:33  SCV x2  
  57  5:45  SCV x2  
  57  5:48  Siege Tank, Marine x3  
  60  5:57  SCV x2  
  62  6:07  Marine x2  
  62  6:11  SCV, Command Center  
  65  6:12  SCV  
  66  6:20  Siege Tank  
  66  6:21  Medivac  
  66  6:22  Medivac  
  66  6:24  SCV x2  
  75  6:26  Supply Depot  
  75  6:30  Marine x3  
  78  6:36  Supply Depot  
  78  6:39  SCV x2, Refinery  
  80  6:40  Combat Shield  
  80  6:48  Marine x3  
  80  6:49  Engineering Bay  
  83  6:55  Engineering Bay  
  83  7:00  Siege Tank, SCV  
  87  7:02  SCV  
  88  7:10  Starport Reactor, Marine x3  
  88  7:15  Barracks  
  91  7:19  SCV x2  
  91  7:22  Terran Infantry Weapons Level 1, Terran Infantry Armor Level 1  
  93  7:28  Marine x3  
  93  7:29  SCV  
  97  7:31  SCV  
  97  7:36  SCV  
  92  7:39  Siege Tank  
  92  7:43  SCV  
  92  7:47  Marine x3  
  92  7:48  SCV  
  92  7:49  Medivac x2  
  100  7:55  SCV  
  101  8:00  SCV  
  101  8:04  Barracks  
  101  8:05  Marine x3, Barracks  
  104  8:08  SCV  
  104  8:09  Orbital Command  
  104  8:12  Marine x2  
  108  8:15  Siege Tank  
  108  8:16  SCV  
  112  8:22  SCV  
  112  8:23  Marine x3  
  116  8:28  SCV  
  112  8:34  SCV, Marine x2  
  112  8:37  Medivac  
  112  8:39  Medivac  
  117  8:42  SCV  
  117  8:44  Marine x3  
  117  8:46  SCV x2  
  115  8:52  Marine x2, Barracks Reactor x2  
  115  8:53  Supply Depot  
  117  8:58  Sensor Tower  
  117  9:04  SCV x2, Marine  
  117  9:10  Marine x2  
  117  9:14  Marine x2  
  117  9:15  Siege Tank  
  117  9:17  Supply Depot  
  124  9:18  Armory  
  124  9:22  Marine  
  123  9:28  Marine x2  
  125  9:33  Command Center  
  125  9:35  Marine x5  
  124  9:40  SCV x2, Marine  
  124  9:43  SCV, Marine  
  108  9:45  Marine x2  
  108  9:47  Siege Tank  
  108  9:48  Medivac x2  
  114  9:52  Marine x4  
  114  9:57  Barracks  
  114  9:58  SCV, Marine  
  114  9:59  SCV x2, Barracks  
  122  10:00  Marine, Barracks  
  122  10:02  Factory  
  122  10:03  Marine  
  122  10:04  Marine, Barracks Reactor  
  125  10:10  Marine x4  
  129  10:15  Supply Depot x2  
  129  10:18  SCV  
  129  10:19  SCV  
  129  10:20  SCV  
  132  10:22  Terran Infantry Armor Level 2  
  132  10:23  Sensor Tower  
  132  10:24  Siege Tank  
  132  10:26  Supply Depot  
  132  10:27  Marine  
  136  10:29  Terran Infantry Weapons Level 2  
  136  10:37  Marine x6  
  136  10:38  Marine  
  141  10:45  SCV x3, Marine  
  141  10:47  Refinery  
  141  10:48  Planetary Fortress  
  145  10:50  Barracks Reactor x2  
  145  10:51  Barracks Reactor  
  145  10:57  Refinery  
  145  10:59  Marine x2  
  145  11:00  Supply Depot, Marine x6  
  145  11:01  Marine  
  154  11:08  Terran Vehicle Weapons Level 1  
  154  11:15  Siege Tank  
  154  11:16  Siege Tank  
  160  11:24  Marine  
  160  11:25  Marine x8  
  169  11:26  Marine  
  169  11:28  Command Center  
  170  11:34  Marine x6  
  176  11:42  Marine, Medivac x2  
  176  11:43  Marine  
  182  11:47  Siege Tank  
  182  11:48  Siege Tank  
  182  11:50  Marine  
  182  11:51  Marine x4  
  182  11:52  Marine x2  
  182  11:53  Marine  
  177  11:58  Marine  
  177  11:59  Marine  
  177  12:01  Marine x6  
  149  12:08  Marine  
  151  12:09  Marine  
  151  12:10  Marine x2  
  151  12:12  Marine, Medivac  
  151  12:14  Marine x2  
  151  12:15  Marine  
  159  12:16  Marine  
  159  12:17  Marine  
  159  12:18  Marine  
  159  12:19  Siege Tank, Marine x4  
  159  12:20  Siege Tank  
  172  12:25  Marine  
  172  12:26  Marine  
  172  12:27  Marine  
  172  12:28  Marine x2  
  146  12:30  Marine  
  146  12:32  Marine x2  
  146  12:33  Marine, Medivac  
  146  12:34  Marine  
  146  12:35  Marine  
  146  12:36  Marine x2  
  156  12:40  Marine  
  156  12:41  Command Center  
  156  12:42  Medivac  
  159  12:47  Marine x5  
  159  12:48  Marine  
  159  12:49  Marine  
  164  12:52  Marine x5  
  164  12:53  Marine  
  170  13:03  Marine x3  
  170  13:05  Marine  
  173  13:09  Marine  
  173  13:11  Marine  
  170  13:13  Marine x2  
  170  13:14  Marine x2  
  170  13:15  Marine  
  170  13:16  Siege Tank x2  
  170  13:18  Planetary Fortress  
  178  13:21  Medivac  
  177  13:28  Marine  
  177  13:31  Medivac  
  160  13:34  Marine  
  160  13:35  Marine x2  
  160  13:39  Marine  
  160  13:40  Marine x2  
  166  13:48  Siege Tank x2  
  170  13:50  Marine x8  
  170  13:51  Marine x2, Medivac  
  170  13:52  Marine x2  
  170  13:53  Marine  
  185  13:57  Marine  
  185  13:58  Marine  
  185  14:01  Medivac  
  188  14:04  Marine  
  188  14:08  Marine x5  
  194  14:11  Marine x2  
  194  14:15  Marine  
  197  14:17  Marine x2  
  197  14:18  Marine  
  200  14:28  Siege Tank  
  189  14:32  Marine  
  189  14:33  Marine x7  
  189  14:34  Marine x2  
  189  14:35  Marine x3  
  178  14:39  Marine  
  178  14:40  Marine x2  
  163  14:47  SCV x4  
  163  14:50  Marine  
  163  14:52  Marine x7  
  165  14:53  Marine  
  165  14:57  Marine  
Show
View Real Time Build Order
Export as new Build Order

Oliveira Terran 

Build Orders:  

Get SALT Encoding   

  12  0:00  SCV  
  13  0:12  SCV  
  14  0:17  Supply Depot  
  14  0:24  SCV  
  14  0:27  Refinery  
  15  0:38  SCV  
  16  0:44  Barracks  
  16  0:50  SCV  
  16  0:55  Refinery  
  17  1:02  SCV  
  18  1:14  SCV  
  19  1:31  Orbital Command, Reaper  
  20  1:34  Factory  
  20  1:41  Supply Depot  
  20  1:57  SCV  
  21  2:03  Reaper  
  22  2:09  SCV  
  22  2:15  Command Center  
  23  2:20  Hellion  
  25  2:24  SCV  
  25  2:35  Reaper  
  25  2:41  Hellion  
  25  2:43  SCV  
  28  2:54  Supply Depot  
  28  2:56  SCV  
  28  3:02  Starport  
  27  3:08  Cyclone  
  27  3:12  SCV  
  30  3:14  Barracks Reactor  
  30  3:24  SCV  
  30  3:38  SCV  
  30  3:40  Cyclone  
  29  3:50  SCV  
  29  3:51  Marine x2  
  29  3:52  Medivac  
  34  4:09  Marine x2  
  33  4:13  Factory Tech Lab  
  33  4:14  SCV  
  33  4:22  Orbital Command  
  33  4:25  Starport Tech Lab  
  33  4:26  SCV  
  33  4:27  Marine x2  
  36  4:32  Siege Tank  
  39  4:38  SCV  
  39  4:43  Raven  
  39  4:44  Refinery  
  42  4:47  Marine x2  
  42  4:49  SCV  
  42  4:50  SCV  
  42  4:51  Interference Matrix  
  46  4:56  Supply Depot  
  46  5:07  SCV x2  
  46  5:13  Siege Tank  
  49  5:19  SCV  
  49  5:27  Command Center  
  49  5:28  SCV  
  49  5:33  Marine  
  51  5:37  SCV  
  51  5:42  SCV  
  53  5:46  Siege Tank  
  53  5:49  SCV  
  57  5:59  SCV  
  57  6:01  SCV, Barracks  
  57  6:04  Starport Reactor, Barracks  
  59  6:10  Stimpack  
  60  6:11  SCV  
  60  6:14  SCV  
  62  6:21  Supply Depot  
  62  6:24  SCV  
  62  6:25  Engineering Bay x2  
  62  6:38  Siege Tank, SCV  
  62  6:39  SCV  
  67  6:40  Orbital Command  
  67  6:50  SCV  
  67  6:53  SCV  
  69  6:55  Starport Reactor  
  69  6:57  Barracks  
  69  6:59  Terran Infantry Weapons Level 1, Terran Infantry Armor Level 1  
  69  7:01  Barracks  
  69  7:02  SCV  
  69  7:04  Supply Depot  
  69  7:05  SCV x2  
  69  7:08  Marine x2  
  74  7:09  Marine  
  74  7:11  Marine  
  74  7:13  Refinery  
  74  7:15  Siege Tank  
  79  7:16  SCV  
  79  7:19  SCV  
  79  7:20  Marine  
  82  7:24  Supply Depot  
  82  7:28  Marine, Missile Turret  
  82  7:29  Supply Depot  
  83  7:31  SCV  
  83  7:35  Marine  
  83  7:36  Orbital Command  
  85  7:38  SCV, Marine  
  84  7:44  Viking  
  84  7:47  Barracks Reactor x2  
  86  7:52  SCV  
  86  7:53  Marine  
  86  7:54  Siege Tank  
  86  7:55  SCV  
  92  7:59  Supply Depot, Viking  
  92  8:00  Supply Depot  
  92  8:01  SCV  
  92  8:03  Marine  
  92  8:04  SCV  
  97  8:07  SCV  
  98  8:14  SCV, Missile Turret  
  98  8:15  Combat Shield, Armory  
  98  8:18  SCV  
  98  8:19  SCV  
  101  8:24  Marine x2  
  101  8:25  Marine x2  
  101  8:26  SCV  
  105  8:27  Marine  
  105  8:34  Marine  
  103  8:36  Siege Tank, SCV x2  
  103  8:38  SCV  
  103  8:40  Marine  
  111  8:44  Marine  
  111  8:48  SCV, Marine x2  
  110  8:50  SCV  
  110  8:53  Supply Depot, Marine  
  110  8:54  Supply Depot  
  110  8:55  Marine  
  114  8:57  Marine x2  
  114  8:59  Medivac x2  
  120  9:04  Marine  
  120  9:06  Marine  
  120  9:08  Siege Tank  
  120  9:09  Marine  
  118  9:11  Marine x2  
  118  9:16  Marine  
  118  9:18  Marine x2  
  118  9:24  Terran Infantry Weapons Level 2  
  120  9:29  Marine  
  120  9:30  Marine x2  
  123  9:32  Orbital Command  
  116  9:40  Siege Tank  
  116  9:41  Marine  
  116  9:42  Marine x2  
  104  9:46  Viking  
  104  9:47  Barracks Reactor  
  104  9:49  SCV  
  104  9:50  Marine  
  104  9:51  Marine  
  108  9:53  SCV  
  108  9:54  Terran Vehicle Weapons Level 1  
  108  9:55  Marine  
  108  9:57  SCV  
  111  10:00  Marine  
  111  10:01  SCV  
  111  10:06  Marine, Missile Turret  
  113  10:11  Marine  
  113  10:13  Viking  
  116  10:14  Siege Tank  
  116  10:17  Marine  
  116  10:18  Terran Infantry Armor Level 2  
  120  10:26  Refinery x2  
  120  10:27  Supply Depot  
  120  10:30  Supply Depot  
  120  10:40  Marine  
  120  10:42  Command Center  
  121  10:43  Sensor Tower  
  121  10:48  Factory  
  121  10:49  Siege Tank  
  124  10:51  SCV x2, Barracks Reactor  
  124  10:52  SCV  
  124  10:57  Viking  
  129  11:00  Supply Depot  
  129  11:03  Missile Turret x2  
  129  11:05  Viking  
  129  11:06  Marine  
  129  11:10  Marine x2  
  134  11:13  Marine  
  134  11:14  Supply Depot, Marine x2  
  137  11:19  Marine x2  
  137  11:23  Supply Depot  
  138  11:27  Siege Tank  
  138  11:29  Marine x2  
  138  11:31  Starport  
  143  11:33  Viking  
  143  11:35  Liberator  
  143  11:38  Marine  
  143  11:39  Marine  
  150  11:51  Marine  
  118  11:56  Marine x5  
  118  11:58  Siege Tank, Marine  
  118  11:59  Marine  
  104  12:01  Siege Tank  
  107  12:09  Marine  
  107  12:12  Liberator, Command Center  
  107  12:13  Starport Reactor, Marine x2  
  107  12:14  Marine x2  
  112  12:16  Marine  
  112  12:17  Marine  
  110  12:29  Viking  
  105  12:33  Command Center  
  105  12:34  Terran Infantry Weapons Level 3  
  104  12:38  Siege Tank  
  103  12:45  Siege Tank  
  103  12:47  Marine x3  
  103  12:48  Marine, Command Center  
  103  12:49  Marine x3  
  113  12:51  Marine  
  113  12:52  Marine  
  113  12:53  Sensor Tower  
  113  12:54  Viking  
  113  12:58  Marine  
  118  13:01  Viking  
  118  13:04  Viking  
  118  13:05  Marine  
  123  13:10  Viking  
  123  13:12  Marine x2  
  123  13:16  Marine  
  123  13:19  Siege Tank  
  124  13:20  Marine  
  124  13:29  Marine  
  118  13:35  Marine  
  118  13:36  Siege Tank, Liberator x2  
  118  13:38  Viking  
  129  13:43  Marine  
  130  13:49  Marine  
  130  13:52  Marine x2  
  130  13:53  Marine x2  
  135  14:00  Siege Tank  
  135  14:02  Marine x2  
  135  14:04  Marine x2  
  135  14:06  Marine  
  139  14:11  Liberator  
  139  14:13  Liberator  
  139  14:14  Marine x2  
  139  14:15  Marine  
  148  14:19  Supply Depot x2, Marine  
  148  14:24  SCV  
  150  14:31  Marine  
  136  14:32  Marine  
  136  14:33  Marine  
  136  14:35  SCV  
  136  14:37  Marine  
  136  14:38  Marine  
  120  14:47  Marine  
Tags
 
Add a new tag
Caveats
  • Supply blocks, unpowered buildings, or Contaminate may cause inaccurate times.
  • Supply counts are checked every 10 seconds.